cohdb
Replays
Latest Replays
All Replays
Popular Replays
Top Player Replays
Match Explorer
How It Works
Community
CoH3 Stats
Reddit
Sign in to upload your games and track your stats! →
Sign in with Steam
Match 41621621
Unlisted
Match 41621621
Overview
Messages
Build Orders
End
Kradschützen Motorcycle Team
Selects Armored Support Battlegroup
Panzergrenadier Squad
Panzergrenadier Squad
Panzergrenadier Squad
Selects Salvage Kits
Construct Light Support Kompanie
2.5-tonne Medical Truck
Fire Support Elements
MG34 Team
Flakvierling Half-track
Selects Veteran Gunners
Selects Panzer Storm
Vehicle Survival Package
Veteran Squad Leaders
Pak 38 Mechanized Group
Construct Panzerarmee Kommand
Panzer III L Medium Tank
Selects Flammpanzer III Medium Tank
Selects Stuka Anti-tank Loiter
Panzer III L Medium Tank
Panzer III L Medium Tank
Selects Flammpanzer III Medium Tank
Selects Command Panzer IV F Medium Tank
Panzer III L Medium Tank
Stuka Anti-tank Loiter
Panzer III L Medium Tank
BIOHAZARD
Sauzer88
LMAA||Bobdaboss
DonButtkick
0
0
Comments
sign in to comment!
No comments posted yet!